 Dungeon Crawl Stone Soup version 0.30-a0-310-g7d6cbdfea6 (webtiles) character file.

Game seed: 14347322941395863673

1262 Lanoc the Ducker (level 8, -1/120 HPs)
             Began as a Troll Fighter on Oct 24, 2022.
             Was a Priest of Fedhas.
             Succumbed to an orc wizard's poison
             ... on level 5 of the Dungeon.
             The game lasted 00:06:16 (3490 turns).

Lanoc the Ducker (Troll Fighter)                    Turns: 3490, Time: 00:06:16

Health: -1/120     AC: 11    Str: 25    XL:     8   Next: 27%
Magic:  1/10       EV: 10    Int:  4    God:    Fedhas [***...]
Gold:   206        SH:  8    Dex: 11    Spells: 7/7 levels left

rFire   . . .      SeeInvis .      - Unarmed
rCold   . . .      Faith    .    b - +0 kite shield
rNeg    . . .      Spirit   +    a - +0 robe
rPois   .          Reflect  .    (helmet restricted)
rElec   .          Harm     .    i - +2 cloak
rCorr   .          Rampage  .    (gloves unavailable)
Will    .....                    (boots unavailable)
Stlth   ..........               g - amulet of guardian spirit
HPRegen 1.20/turn                v - +4 ring of slaying
MPRegen 0.12/turn                p - +4 ring of protection

@: berserking, lethally poisoned (-1 -> -13), very quick
A: large, unfitting armour, claws 3, regeneration 1, shaggy fur 1, tough skin 1
a: Renounce Religion, Wall of Briars, Grow Ballistomycete


You were on level 5 of the Dungeon.
You worshipped Fedhas.
Fedhas was most pleased with you.
You visited 2 branches of the dungeon, and saw 6 of its levels.

You collected 206 gold pieces.

Inventory:

Missiles
 x - 2 atropa-tipped darts (quivered)
Armour
 a - a +0 robe (worn)
 b - a +0 kite shield (worn)
 i - a +2 cloak (worn)
Jewellery
 g - an amulet of guardian spirit (around neck)
 o - a ring of see invisible
 p - a +4 ring of protection (right claw)
 v - a +4 ring of slaying (left claw)
Wands
 j - a wand of iceblast (8)
Scrolls
 e - 8 scrolls of identify {unknown}
 f - 4 scrolls of teleportation {unknown}
 h - 2 scrolls of brand weapon {unknown}
 l - a scroll of magic mapping {unknown}
 q - a scroll of fear {unknown}
 s - 2 scrolls of enchant weapon {unknown}
 u - 2 scrolls of amnesia {unknown}
 w - a scroll of fog {unknown}
 y - a scroll of noise {unknown}
 z - a scroll of silence {unknown}
Potions
 c - 2 potions of haste {unknown}
 d - 2 potions of berserk rage
 k - 2 potions of heal wounds {unknown}
 m - 3 potions of flight {unknown}
 n - a potion of attraction {unknown}
 r - 2 potions of cancellation {unknown}
 t - a potion of resistance {unknown}


   Skills:
 + Level 5.0 Fighting
 + Level 5.0 Dodging
 - Level 4.6 Shields
 - Level 2.0 Unarmed Combat
 * Level 4.4 Invocations


You had 7 spell levels left.
You didn't know any spells.
Your spell library contained the following spells:

 Spells                   Type           Power      Damage    Failure   Level
 Necrotise                Necr           0%         1d4       78%         1
 Sandblast                Erth           0%         2d4       78%         1
 Kindle Blastsparks       Fire/Tloc/Air  0%         2d10      98%         3
 Vampiric Draining        Necr           0%         2d6       98%         3
 Agony                    Necr           0%         N/A       100%        5
 Lee's Rapid Deconstruct  Erth           0%         3d4*      100%        5


Dungeon Overview and Level Annotations

Branches:
Dungeon (5/15)             Temple (1/1) D:4

Altars:
Ashenzari
Elyvilon
Fedhas
Nemelex Xobeh
Vehumet
Xom
The Shining One


Innate Abilities, Weirdness & Mutations

You are too large for most types of armour.
You have claws for hands.
Your natural rate of healing is unusually fast.
You are covered in fur. (AC +1)
You have tough skin. (AC +1)


Message History

You barely miss something.
You feel very sick.
You hear some strange, mumbled words.
A puff of flame appears from out of thin air!
The puff of flame hits you.
* * * LOW HITPOINT WARNING * * *
The gnoll hits you but does no damage.
You miss something.
You feel sick. Something hits you but does no damage.
You are more poisoned.
The gnoll closely misses you.
You claw the gnoll!
You kill the gnoll!
Fedhas appreciates your contribution to the ecosystem.
You feel very sick. Something hits you but does no damage.
You are lethally poisoned!
You block the gnoll's attack.
It was a potion of berserk rage.
A red film seems to cover your vision as you go berserk!
You feel yourself moving faster!
You feel mighty!
* * * LOW HITPOINT WARNING * * *
You feel very sick. Something hits you but does no damage.
You are lethally poisoned!
You block the gnoll's attack.
You miss something.
* * * LOW HITPOINT WARNING * * *
You feel very sick.
You hear some strange, mumbled words.
A puff of flame appears from out of thin air!
The puff of flame hits you.
* * * LOW HITPOINT WARNING * * *
The gnoll hits you from afar with a +0 spear.
* * * LOW HITPOINT WARNING * * *
You claw something!
Fedhas appreciates your contribution to the ecosystem.
Reactivating autopickup.
You feel a bit more experienced.
You die...
Fedhas appreciates your contribution to the ecosystem.

##...# ##...## ##...##
##...##
############....#
###...............# #
#.................####
##...))..).............
#....)@#######.........
#....)## ##........
#....g #........ #.....
####..... #..... ##....
#..... ##... #.....
##.. #..... ##. #.


You could see a gnoll.

Vanquished Creatures
  Grinder (D:4)
  Menkaure (D:4)
  A water moccasin (D:5)
  A black bear (D:5)
  2 ice beasts
  2 scorpions (D:5)
  A hound (D:5)
  2 orc priests
  Crazy Yiuf (D:4)
  2 iguanas (D:5)
  2 orc wizards
  Robin (D:2)
  6 gnolls
  7 adders
  An ufetubus (D:4)
  4 worms
  3 dart slugs
  15 orcs
  9 endoplasms
  2 giant cockroaches
  12 goblins
  6 hobgoblins
  2 jackals (D:2)
  4 quokkas
  5 ball pythons
  3 bats
  5 frilled lizards
  12 kobolds
  4 rats
117 creatures vanquished.

Notes
Turn   | Place    | Note
-------+----------+-------------------------------------------
     0 | D:1      | Lanoc the Troll Fighter began the quest for the Orb.
     0 | D:1      | Reached XP level 1. HP: 22/22 MP: 0/0
     9 | D:1      | Noticed a bullfrog
   177 | D:1      | Reached XP level 2. HP: 24/29 MP: 1/1
   432 | D:1      | Reached XP level 3. HP: 36/36 MP: 2/2
   557 | D:2      | Found a faded altar of an unknown god.
   560 | D:2      | Prayed at the altar of an unknown god.
   560 | D:2      | Became a worshipper of Fedhas Madash
   560 | D:2      | Reached * piety under Fedhas
   883 | D:2      | Found a radiant altar of Vehumet.
   941 | D:2      | Noticed Robin
   942 | D:2      | Reached XP level 4. HP: 45/45 MP: 3/3
   948 | D:2      | Reached ** piety under Fedhas
   952 | D:2      | Killed Robin
  1370 | D:3      | Reached XP level 5. HP: 53/53 MP: 4/4
  2203 | D:4      | Noticed Menkaure
  2210 | D:4      | Killed Menkaure
  2210 | D:4      | Reached *** piety under Fedhas
  2211 | D:4      | Reached XP level 6. HP: 10/62 MP: 1/5
  2328 | D:4      | Noticed Grinder
  2352 | D:4      | Killed Grinder
  2353 | D:4      | Reached skill level 1 in Invocations
  2353 | D:4      | Reached XP level 7. HP: 56/70 MP: 4/7
  2403 | D:4      | Found a staircase to the Ecumenical Temple.
  2409 | Temple   | Entered the Ecumenical Temple
  2464 | D:4      | Found a blossoming altar of Fedhas.
  2464 | D:4      | Found a shimmering altar of Xom.
  2467 | D:4      | Found a glowing golden altar of the Shining One.
  2468 | D:4      | Found a sparkling altar of Nemelex Xobeh.
  2490 | D:4      | Got the Essays on Discontinuous Silt
  2686 | D:4      | Found a runed translucent door.
  2687 | D:4      | Noticed Crazy Yiuf
  2737 | D:4      | Found a broken altar of Ashenzari.
  2804 | D:4      | Killed Crazy Yiuf
  2855 | D:5      | Entered Level 5 of the Dungeon
  3044 | D:5      | Found a white marble altar of Elyvilon.
  3082 | D:5      | Reached XP level 8. HP: 79/79 MP: 7/9
  3337 | D:5      | Reached skill level 5 in Dodging
  3474 | D:5      | Reached skill level 5 in Fighting
  3489 | D:5      | HP: 6/120 [poisoned by an orc wizard]
  3489 | D:5      | HP: 2/120 [gnoll/+0 spear (2)]
  3490 | D:5      | Succumbed to an orc wizard's poison

Illustrated notes

Levels and vault maps discovered:
D:1:      evilmike_arrival_come_back, layout_basic
D:2:      cheibrodos_helix_gallery, layout_loops_ring, basic_altar,
          nicolae_ecumenical_pavilion, uniq_robin
D:3:      layout_basic
D:4:      layout_basic, mainiacjoe_overflow_surrounded_room,
          mainiacjoe_overflow_alcove_3, minmay_temple_entry_fiery, st_stairs_12,
          uniq_menkaure, uniq_crazy_yiuf_cottage, uniq_grinder
D:5:      layout_layer_cave, elyvilon_altar_5
Temple:   zaba_magenta_temple

Skill      XL: |  1  2  3  4  5  6  7  8 |
---------------+-------------------------+-----
Shields        | 3 4 |  4.6
Fighting       | 3 4 5 |  5.0
Dodging        | 3 4 5 |  5.0
Invocations    | 1 3 4 |  4.4
Unarmed Combat | |  2.0

Action                   |  1- 3 |  4- 6 |  7- 9 || total
-------------------------+-------+-------+-------++-------
Melee: Unarmed           |   112 |   159 |    96 ||   367
  Use: Potion            |       |     1 |     1 ||     2
 Stab: Sleeping          |       |     2 |       ||     2
Armor: Robe              |    23 |    47 |    48 ||   118
Dodge: Dodged            |    32 |    44 |    49 ||   125
Block: Kite shield       |    41 |    43 |    46 ||   130

Table legend: (Time is in decaauts)
 A = Elapsed time spent in this place.
 B = Non-inter-level travel time spent in this place.
 C = Inter-level travel time spent in this place.
 D = Time resting spent in this place.
 E = Time spent auto-exploring this place.
 F = Levels seen in this place.
 G = Mean time per level.
                   A        B        C        D        E       F      G
               +--------+--------+--------+--------+--------+-----+--------+
         Total |   3524 |   3406 |    118 |      0 |   2626 |   6 |  587.3 |
       Dungeon |   3523 |   3405 |    118 |      0 |   2626 |   5 |  704.6 |
        Temple |      1 |      1 |      0 |      0 |      0 |   1 |    1.0 |
               +--------+--------+--------+--------+--------+-----+--------+

Top non-repeatable levels by time:
     D:3: 865 daAuts
     D:2: 757 daAuts
     D:4: 696 daAuts
     D:5: 640 daAuts
     D:1: 562 daAuts
  Temple: 1 daAuts
